 Dungeon Crawl Stone Soup version 0.30-a0-459-g9104f0fc43 (webtiles) character file.

Game seed: 16614029345665638351

131986 zishaf the Lord of Darkness (level 17, 0/138 HPs)
             Began as a Human Necromancer on Dec 15, 2022.
             Was the Champion of Kikubaaqudgha.
             Shot with an arrow by a centaur warrior (17 damage)
             ... on level 15 of the Dungeon.
             The game lasted 01:10:45 (30882 turns).

zishaf the Lord of Darkness (Human Necromancer)    Turns: 30882, Time: 01:10:47

Health: 0/138      AC: 10    Str:  9    XL:     17   Next: 68%
Magic:  31/31      EV: 15    Int: 25    God:    Kikubaaqudgha [******]
Gold:   538        SH: 12    Dex: 14    Spells: 7/36 levels left

rFire   . . .      SeeInvis .    a - +7 demon whip (pain)
rCold   + . .      Faith    .    V - +1 kite shield {rC+}
rNeg    . . .      Spirit   .    K - +2 robe {Archmagi}
rPois   +          Reflect  .    t - +0 helmet
rElec   .          Harm     .    q - +0 cloak
rCorr   .          Rampage  .    r - +2 pair of gloves
Will    +....      Archmagi +    U - +0 pair of boots {Fly}
Stlth   ++........               S - amulet of regeneration
HPRegen 1.23/turn                T - ring of poison resistance
MPRegen 0.22/turn                e - +4 ring of evasion

@: flying
A: talons 1, clever 1
a: Renounce Religion, Unearth Wretches, Torment


You were on level 15 of the Dungeon.
You worshipped Kikubaaqudgha.
Kikubaaqudgha was exalted by your worship.
You visited 4 branches of the dungeon, and saw 23 of its levels.
You also visited: Ice Cave and Volcano.

You collected 2838 gold pieces.
You spent 2300 gold pieces at shops.

Inventory:

Hand Weapons
 a - a +7 demon whip of pain (weapon)
 L - a +0 broad axe of freezing
Missiles
 O - a throwing net
Armour
 i - a +2 leather armour of fire resistance
 q - a +0 cloak (worn)
 r - a +2 pair of gloves (worn)
 t - a +0 helmet (worn)
 K - a +2 robe of the Archmagi (worn)
 U - a +0 pair of boots of flying (worn)
 V - a +1 kite shield of cold resistance (worn)
Magical Staves
 b - a staff of death
Jewellery
 e - a +4 ring of evasion (right hand)
 f - an amulet of reflection
 o - a ring of ice
 y - a ring of see invisible
 I - a ring of fire
 S - an amulet of regeneration (around neck)
 T - a ring of poison resistance (left hand)
Wands
 d - a wand of light (1)
 l - a wand of digging (2)
 x - a wand of iceblast (7)
 B - a wand of mindburst (13)
 J - a wand of flame (21)
 M - a wand of polymorph (22)
 Z - a wand of paralysis (10)
Scrolls
 h - 3 scrolls of fog
 u - 5 scrolls of teleportation
 z - 2 scrolls of blinking
 A - 4 scrolls of amnesia
 E - a scroll of magic mapping
 F - a scroll of summoning
 Q - a scroll of torment
 R - 15 scrolls of identify
 Y - a scroll of poison
Potions
 c - 4 potions of heal wounds
 g - 3 potions of cancellation
 k - a potion of invisibility
 m - a potion of berserk rage
 p - 4 potions of resistance
 s - 6 potions of curing
 v - 3 potions of haste
 D - 4 potions of might
 G - a potion of ambrosia
 H - 3 potions of lignification
 P - 2 potions of brilliance
Miscellaneous
 n - a lightning rod (4/4)
 N - a condenser vane
 X - a tin of tremorstones (2/2)


   Skills:
 + Level 13.7 Fighting
 - Level 12.0 Maces & Flails
 - Level 2.0 Dodging
 - Level 2.0 Stealth
 - Level 10.0 Shields
 - Level 10.0 Spellcasting
 + Level 14.3 Necromancy
 + Level 11.6 Earth Magic
 - Level 5.0 Evocations


You had 7 spell levels left.
You knew the following spells:

 Your Spells              Type           Power      Damage    Failure   Level
a - Borgnjor's Vile Clut  Necr/Erth      43%        N/A       1%          5
b - Vampiric Draining     Necr           90%        2d12      1%          3
c - Dispel Undead         Necr           90%        3d29      1%          4
d - Lee's Rapid Deconstr  Erth           41%        3d20*     2%          5
A - Animate Dead          Necr           90%        N/A       1%          4
B - Death Channel         Necr           45%        N/A       4%          6
C - Sublimation of Blood  Necr           90%        N/A       1%          2

Your spell library contained the following spells:

 Spells                   Type           Power      Damage    Failure   Level
 Kiss of Death            Conj/Necr      100%       2d13      1%          1
 Necrotise                Necr           100%       1d9       1%          1
 Sandblast                Erth           100%       2d20      1%          1
 Passwall                 Tmut/Erth      48%        N/A       1%          2
 Agony                    Necr           90%        N/A       1%          5
 Stone Arrow              Conj/Erth      100%       3d13      3%          3
 Anguish                  Hex/Necr       32%        N/A       5%          4
 Ensorcelled Hibernation  Hex/Ice        36%        N/A       16%         2
 Confusing Touch          Hex            18%        N/A       32%         3
 Frozen Ramparts          Ice            36%        1d6       32%         3
 Gell's Gravitas          Tloc           18%        N/A       32%         3
 Hailstorm                Conj/Ice       18%        3d6       32%         3
 Kindle Blastsparks       Fire/Tloc/Air  36%        2d13      32%         3
 Mephitic Cloud           Conj/Pois/Air  18%        N/A       32%         3
 Ozocubu's Armour         Ice            18%        N/A       32%         3
 Spider Form              Tmut/Pois      18%        N/A       32%         3
 Swiftness                Air            18%        N/A       32%         3
 Teleport Other           Tloc           18%        N/A       32%         3
 Simulacrum               Ice/Necr       32%        N/A       65%         6
 Fulminant Prism          Conj/Hex       9%         3d7       71%         4
 Ice Form                 Ice/Tmut       18%        N/A       71%         4
 Iskenderun's Mystic Bla  Conj/Tloc      18%        2d6       71%         4
 Summon Ice Beast         Ice/Summ       18%        N/A       71%         4
 Freezing Cloud           Conj/Ice/Air   9%         6-21      96%         5
 Silence                  Hex/Air        9%         N/A       96%         5
 Haunt                    Necr/Summ      32%        N/A       99%         7
 Conjure Ball Lightning   Conj/Air       9%         3x3d6     100%        6
 Dispersal                Tloc           9%         N/A       100%        6
 Enfeeble                 Hex            9%         N/A       100%        7
 Ozocubu's Refrigeration  Ice            9%         4d9       100%        7
 Borgnjor's Revivificati  Necr           45%        N/A       90%         8
 Infestation              Necr           45%        N/A       90%         8
 Necromutation            Tmut/Necr      32%        N/A       100%        8
 Death's Door             Necr           45%        N/A       100%        9
 Polar Vortex             Ice            9%         N/A       100%        9


Dungeon Overview and Level Annotations

Branches:
Dungeon (15/15)            Temple (1/1) D:4            Lair (5/5) D:9
 Shoals (0/4) Lair:3       Spider (0/4) Lair:2        Slime (0/5) Lair:5
    Orc (2/2) D:9             Elf (0/3) Orc:2        Vaults (0/5) D:13
  IceCv (visited)         Volcano (visited)
 Depths: D:15

Altars:
Ashenzari
Cheibriados
Dithmenos
Elyvilon
Fedhas
Gozag
Hepliaklqana
Kikubaaqudgha
Makhleb
Nemelex Xobeh
Okawaru
Qazlal
Ru
Sif Muna
Trog
Uskayaw
Vehumet
Wu Jian
Xom
Yredelemnul
Zin
The Shining One
Jiyva

Shops:
D:2 =   D:3 *   D:4 ![:=   D:12 (   D:13 [   D:14 ?   Orc:2 (*:!

Portals:
Pandemonium: Orc:2

Annotations:
D:5 2 transporters, flotson's ghost, weakling DsDe
D:11 exclusion: upstairs


Innate Abilities, Weirdness & Mutations

You have sharp toenails.
Your mind is acute. (Int +4, Str/Dex -1)


Message History

You block the arrow.
A centaur comes into view.
The centaur shoots an arrow.
The arrow barely misses you.
The centaur enters a dispersal trap!
You blink.
The centaur blinks!
The centaur shoots an arrow.
You block the arrow.
The centaur warrior shouts!
You hear a shout!
The centaur warrior wields a +0 longbow.
The centaur warrior shoots an arrow.
The arrow hits you!
The centaur shoots an arrow.
The arrow misses you.
The centaur warrior shoots an arrow.
The arrow hits you!!
A centaur comes into view.
The centaur shoots an arrow.
You block the arrow.
The centaur warrior shoots an arrow.
You block the arrow.
A centaur comes into view.
The centaur shoots an arrow.
The arrow misses you.
The centaur warrior shoots an arrow.
The arrow hits you!
The centaur unwields a +0 shortbow.
The centaur closely misses you. The centaur misses you.
The centaur warrior shoots an arrow.
The arrow closely misses you.
You whack the centaur!
The centaur writhes in agony.
The centaur is almost dead.
The centaur completely misses you. You block the centaur's attack.
The centaur warrior shoots an arrow.
The arrow hits you!!
The centaur wields a +0 shortbow.
The centaur shoots an arrow.
You block the arrow. You block the centaur's attack. x2
The centaur misses you. x2; The centaur warrior shoots an arrow.
The arrow hits you!! The centaur completely misses you.
The centaur barely misses you. The centaur closely misses you.
The centaur kicks you but does no damage.
The centaur warrior shoots an arrow.
The arrow hits you!!
* * * LOW HITPOINT WARNING * * *
The centaur unwields a +0 shortbow.
You block the centaur's attack. The centaur misses you.
The centaur wields a +0 shortbow.
The centaur shoots an arrow.
The arrow hits you.
* * * LOW HITPOINT WARNING * * *
The centaur wields a +0 shortbow.
The centaur shoots an arrow.
The arrow hits you but does no damage.
The centaur warrior shoots an arrow.
The arrow hits you!
You die...
Kikubaaqudgha rasps: "You have failed me!
Welcome... death!"

....##...#
#..#
.##..##...#
#..# ..
#..##...#
#..# ..
#..##...#
#..# #
#...# ..#
#. #...#
#..##...#
#...^..c#
#..c.@.c#
#..###c.#
#.. #..# ..
#..# #..#
#..# #..#
..#


You could see a centaur warrior and 3 centaurs.

Vanquished Creatures
  Rupert (Lair:5)
  An orc warlord (D:14)
  The ghost of Nezimene the Cleaver, a journeyman FoFi of Okawaru (D:14)
  2 fire dragons (D:15)
  Josephine (Orc:1)
  Fannar (Orc:1)
  Harold (D:11)
  2 hydras
  4 vault guards (D:13)
  7 centaur warriors
  4 catoblepae (Lair:5)
  2 demonspawn (Orc:2)
  5 two-headed ogres
  Erica (D:10)
  6 death yaks
  4 boulder beetles
  A tengu warrior (D:13)
  6 orc high priests (Orc:2)
  A soul eater (Orc:2)
  A hell knight (Volcano)
  A sixfirhy (Orc:2)
  A bog body (IceCv)
  2 deep elf pyromancers
  A necromancer (IceCv)
  6 orc knights (Orc:2)
  8 orc sorcerers
  A salamander (shapeshifter) (D:15)
  4 manticores
  4 ugly things (D:14)
  10 elephants
  10 black mambas
  A gargoyle (D:10)
  Maurice (D:13)
  An ice statue (IceCv)
  15 cane toads
  4 komodo dragons
  A torpor snail (Lair:4)
  3 unseen horrors
  A tengu conjurer (D:13)
  5 rime drakes
  An efreet (D:15)
  3 anaconda simulacra (IceCv)
  A hellwing (Orc:2)
  8 ice devils
  5 trolls
  5 polar bears
  7 blink frogs
  15 slime creatures
  7 dream sheep
  A shadow (D:10)
  A jumping spider (Lair:2)
  2 culicivoras (Lair:2)
  A water elemental (D:12)
  Eustachio (D:6)
  3 wyverns
  2 dire elephant simulacra (IceCv)
  6 fire bats (Volcano)
  7 wraiths
  64 yaks
  A basilisk (Lair:3)
  4 hogs (Lair:3)
  8 humans
  4 steam dragons
  2 redbacks (Lair:2)
  3 harpy simulacra (IceCv)
  8 vampire mosquitoes
  2 wargs
  2 hydra simulacra (IceCv)
  20 water moccasins
  Duvessa (D:7)
  4 black bears
  9 ice beasts
  33 orc warriors
  6 ogres
  16 wolves
  18 centaurs
  3 kobold brigands
  2 necrophages
  13 bullfrogs
  A scorpion (D:4)
  A gnoll sergeant (D:10)
  8 wights
  Dowan (D:7)
  17 killer bees
  2 howler monkeys
  5 electric eels
  5 lava snakes (Volcano)
  2 hounds
  4 jellies
  A human zombie (D:7)
  22 orc priests
  3 iguanas
  18 orc wizards
  A troll simulacrum (IceCv)
  A polar bear simulacrum (IceCv)
  13 adders
  A naga simulacrum (IceCv)
  2 orc zombies (Orc:2)
  4 gnolls (D:4)
  4 white imps
  2 ufetubi
  A worm (D:2)
  A dart slug (D:2)
  71 orcs
  8 ball pythons
  20 endoplasms
  2 giant cockroaches
  4 goblins
  3 hobgoblins
  7 jackals (D:2)
  26 kobolds
  5 quokkas
  9 bats
  3 frilled lizards
  A goblin skeleton (D:7)
  A rat (D:2)
711 creatures vanquished.

Vanquished Creatures (collateral kills)
  An ice statue (IceCv)
  A chaos spawn (Orc:2)
  An ogre (Orc:1)
  6 orc priests
  A hound (D:4)
  6 orcs (Orc:2)
  A giant cockroach (D:4)
  2 frilled lizards (D:2)
19 creatures vanquished.

Vanquished Creatures (others)
  Kirke (Lair:3)
  A deep elf pyromancer (D:13)
  A rime drake (IceCv)
  A polar bear (IceCv)
  A human (D:13)
  2 ice beasts (IceCv)
  A centaur (D:10)
  A killer bee (D:10)
  An orc priest (D:10)
  25 orc zombies
  21 fungi
  44 plants
  9 toadstools (D:4)
109 creatures vanquished.

Grand Total: 839 creatures vanquished

Notes
Turn   | Place    | Note
-------+----------+-------------------------------------------
     0 | D:1      | zishaf the Human Necromancer began the quest for the Orb.
     0 | D:1      | Reached XP level 1. HP: 13/13 MP: 3/3
   116 | D:1      | Reached XP level 2. HP: 16/20 MP: 5/5
   218 | D:1      | Reached skill level 1 in Fighting
   218 | D:1      | Reached skill level 1 in Maces & Flails
   637 | D:1      | Reached XP level 3. HP: 24/26 MP: 6/6
   776 | D:2      | Learned a level 3 spell: Vampiric Draining
   815 | D:2      | Reached XP level 4. HP: 33/33 MP: 3/7
   859 | D:2      | Found Iraymog's Jewellery Shop.
  1075 | D:2      | Found a shadowy altar of Dithmenos.
  1076 | D:2      | Got the Incunable of the Nimbus
  1516 | D:2      | Reached XP level 5. HP: 38/38 MP: 8/8
  1756 | D:3      | Found Unamux's General Store.
  1761 | D:3      | Bought a potion of heal wounds for 55 gold pieces
  1824 | D:3      | Found a radiant altar of Vehumet.
  2352 | D:4      | Found a staircase to the Ecumenical Temple.
  2386 | D:4      | Reached skill level 5 in Necromancy
  2391 | Temple   | Entered the Ecumenical Temple
  2582 | Temple   | Became a worshipper of Kikubaaqudgha
  2633 | D:4      | Learned a level 4 spell: Dispel Undead
  2643 | D:4      | Reached XP level 6. HP: 46/46 MP: 9/9
  2792 | D:4      | Found Bacoen Poo's Distillery.
  2793 | D:4      | Found Erimm's Antique Armour Boutique.
  2794 | D:4      | Found Taskob's Book Emporium.
  2795 | D:4      | Found Putratol's Jewellery Shop.
  2799 | D:4      | Bought a potion of curing for 36 gold pieces
  2838 | D:4      | Noticed a black bear
  2850 | D:4      | Killed a black bear
  2851 | D:4      | Reached XP level 7. HP: 45/53 MP: 10/10
  3473 | D:4      | Reached * piety under Kikubaaqudgha
  3473 | D:4      | Received a gift from Kikubaaqudgha
  3707 | D:4      | Reached skill level 6 in Necromancy
  3928 | D:5      | Entered Level 5 of the Dungeon
  4036 | D:5      | Reached XP level 8. HP: 60/61 MP: 11/11
  4071 | D:5      | Found a white marble altar of Elyvilon.
  4289 | D:5      | Reached ** piety under Kikubaaqudgha
  4407 | D:5      | Found a transporter.
  4537 | D:5      | Noticed flotson's ghost (weakling DsDe)
  4550 | D:5      | Found a transporter.
  4788 | D:5      | Reached skill level 5 in Fighting
  4799 | D:5      | Reached skill level 5 in Maces & Flails
  5120 | D:6      | Noticed Eustachio
  5187 | D:6      | Killed Eustachio
  5435 | D:6      | Found a sacrificial altar of Ru.
  5565 | D:6      | Reached skill level 7 in Necromancy
  5756 | D:7      | Noticed Duvessa
  5756 | D:7      | Noticed Dowan
  5865 | D:7      | Reached XP level 9. HP: 56/69 MP: 12/12
  5910 | D:7      | Found an ornate altar of the Wu Jian Council.
  6089 | D:7      | Killed Duvessa
  6097 | D:7      | Killed Dowan
  6412 | D:7      | Found a runed translucent door.
  6436 | D:7      | Found a basalt altar of Yredelemnul.
  6469 | D:7      | Reached skill level 8 in Necromancy
  6541 | D:7      | Reached skill level 1 in Shields
  6860 | D:7      | Found a blossoming altar of Fedhas.
  7400 | D:8      | Reached XP level 10. HP: 70/79 MP: 13/13
  7800 | D:8      | Reached *** piety under Kikubaaqudgha
  7800 | D:8      | Received a gift from Kikubaaqudgha
  7837 | D:8      | Learned a level 5 spell: Borgnjor's Vile Clutch
  7904 | D:8      | Identified a scroll of acquirement
  7904 | D:8      | Acquired 702 gold pieces
  8123 | D:8      | Found an opulent altar of Gozag.
  8124 | D:8      | Reached skill level 1 in Earth Magic
  8338 | D:8      | Found a broken altar of Ashenzari.
  8601 | D:8      | Noticed an unseen horror
  8731 | D:8      | Killed an unseen horror
  8732 | D:8      | Reached skill level 9 in Necromancy
  8879 | D:9      | Noticed a rime drake
  8933 | D:9      | Killed a rime drake
  8969 | D:9      | Reached XP level 11. HP: 72/86 MP: 6/16
  9686 | D:9      | Reached skill level 5 in Shields
  9846 | D:9      | Found a staircase to the Lair.
  9892 | D:9      | Reached **** piety under Kikubaaqudgha
 10009 | D:9      | Found a stormy altar of Qazlal.
 10038 | D:9      | Found a sparkling altar of Nemelex Xobeh.
 10090 | D:9      | Found a staircase to the Orcish Mines.
 10396 | D:9      | Found a bloodstained altar of Trog.
 10396 | D:9      | Noticed a manticore
 10406 | D:9      | Killed a manticore
 10630 | D:10     | Entered Level 10 of the Dungeon
 11257 | D:10     | Noticed Erica
 11269 | D:10     | Killed Erica
 11683 | D:10     | Reached skill level 10 in Necromancy
 11836 | D:10     | Found a shimmering altar of Xom.
 11925 | D:10     | Found a glowing golden altar of the Shining One.
 12211 | D:2      | Bought an amulet of regeneration for 390 gold pieces
 12211 | D:2      | Bought a ring of poison resistance for 260 gold pieces
 12317 | D:4      | Bought a potion of mutation for 96 gold pieces
 12474 | Lair:1   | Entered Level 1 of the Lair of Beasts
 12479 | Lair:1   | Found a frozen archway.
 12487 | Lair:1   | Reached XP level 12. HP: 95/95 MP: 19/19
 12505 | IceCv    | Entered an ice cave
 12525 | IceCv    | Reached skill level 5 in Spellcasting
 12626 | IceCv    | Learned a level 2 spell: Sublimation of Blood
 12887 | IceCv    | Learned a level 5 spell: Lee's Rapid Deconstruction
 12907 | IceCv    | Learned a level 6 spell: Death Channel
 12969 | IceCv    | Reached skill level 5 in Earth Magic
 14496 | Lair:2   | Identified the +0 ring mail "Ceifedol" {*Slow rF+ Dex+2
                  | Slay+3}
 14514 | Lair:2   | Reached skill level 10 in Fighting
 14597 | Lair:2   | Reached skill level 10 in Maces & Flails
 14607 | Lair:2   | Reached XP level 13. HP: 42/103 MP: 1/22
 14929 | Lair:2   | Reached skill level 11 in Necromancy
 14950 | Lair:2   | Reached ***** piety under Kikubaaqudgha
 15859 | Lair:2   | Found a hole to the Spider Nest.
 16279 | Lair:2   | Found a hole to the Spider Nest.
 17166 | Lair:3   | Found a staircase to the Shoals.
 17589 | Lair:3   | Noticed Kirke
 17631 | Lair:3   | Killed Kirke
 17632 | Lair:3   | Reached XP level 14. HP: 27/113 MP: 3/23
 18800 | Lair:4   | Found a dark tunnel.
 18805 | Volcano  | Entered a volcano
 19059 | Volcano  | Reached skill level 12 in Necromancy
 19152 | Volcano  | Found a burning altar of Makhleb.
 19176 | Volcano  | Found a bloodstained altar of Trog.
 20584 | Lair:5   | Entered Level 5 of the Lair of Beasts
 20594 | Lair:5   | Noticed Rupert
 20777 | Lair:4   | Reached ****** piety under Kikubaaqudgha
 20795 | Lair:4   | Received a gift from Kikubaaqudgha
 21174 | Lair:5   | Killed Rupert
 21310 | Lair:5   | Learned a level 5 spell: Lee's Rapid Deconstruction
 21929 | Lair:5   | Gained mutation: You are clumsy. (Dex -2) [potion of
                  | mutation]
 21929 | Lair:5   | Gained mutation: You have a somewhat thin skeletal
                  | structure. (Dex +2, Stealth+) [potion of mutation]
 21930 | Lair:5   | Lost mutation: You have a somewhat thin skeletal structure.
                  | (Dex +2, Stealth+) [potion of mutation]
 21930 | Lair:5   | Lost mutation: You are clumsy. (Dex -2) [potion of
                  | mutation]
 21930 | Lair:5   | Gained mutation: You are clumsy. (Dex -2) [potion of
                  | mutation]
 21930 | Lair:5   | Gained mutation: You have a pair of small horns on your
                  | head. [potion of mutation]
 21930 | Lair:5   | Gained mutation: You occasionally shout uncontrollably at
                  | your foes. [potion of mutation]
 21930 | Lair:5   | Gained mutation: You possess an exceptional clarity of
                  | mind. [potion of mutation]
 21931 | Lair:5   | Lost mutation: You are clumsy. (Dex -2) [potion of
                  | mutation]
 21931 | Lair:5   | Lost mutation: You occasionally shout uncontrollably at
                  | your foes. [potion of mutation]
 21931 | Lair:5   | Gained mutation: You are agile. (Dex +4, Str/Int -1)
                  | [potion of mutation]
 21931 | Lair:5   | Gained mutation: Your magical capacity is low. (-10% MP)
                  | [potion of mutation]
 21931 | Lair:5   | Gained mutation: Your muscles are strong. (Str +4, Int/Dex
                  | -1) [potion of mutation]
 21932 | Lair:5   | Lost mutation: Your muscles are strong. (Str +4, Int/Dex
                  | -1) [potion of mutation]
 21932 | Lair:5   | Lost mutation: You are agile. (Dex +4, Str/Int -1) [potion
                  | of mutation]
 21932 | Lair:5   | Lost mutation: You possess an exceptional clarity of mind.
                  | [potion of mutation]
 21932 | Lair:5   | Gained mutation: You are agile. (Dex +4, Str/Int -1)
                  | [potion of mutation]
 21980 | Lair:5   | Identified the +0 leather armour "Eleoklo Nudi" {rPois
                  | Dex+3}
 22020 | Lair:5   | Reached XP level 15. HP: 99/120 MP: 8/23
 22542 | Lair:5   | Found a viscous altar of Jiyva.
 22542 | Lair:5   | Found a staircase to the Slime Pits.
 23111 | D:11     | Noticed Harold
 23124 | D:11     | Killed Harold
 23125 | D:11     | Reached skill level 1 in Evocations
 24003 | Orc:1    | Entered Level 1 of the Orcish Mines
 24010 | Orc:1    | Paralysed by an orc sorcerer for 3 turns
 24041 | D:9      | Learned a level 4 spell: Animate Dead
 24135 | Orc:1    | Noticed Fannar
 24149 | Orc:1    | Killed Fannar
 24293 | Orc:2    | Entered Level 2 of the Orcish Mines
 24422 | Orc:2    | Found a staircase to the Elven Halls.
 24438 | Orc:1    | Noticed Josephine
 24882 | Orc:1    | Killed Josephine
 24883 | Orc:1    | Reached skill level 10 in Shields
 25300 | Orc:2    | Reached skill level 13 in Necromancy
 25568 | Orc:2    | Found Syas's General Store.
 25576 | Orc:2    | Found Desysufa's Distillery.
 25801 | Orc:2    | Reached skill level 10 in Earth Magic
 25949 | Orc:2    | Bought a scroll of magic mapping for 135 gold pieces
 25949 | Orc:2    | Bought a scroll of teleportation for 54 gold pieces
 25949 | Orc:2    | Bought a scroll of teleportation for 54 gold pieces
 25951 | Orc:2    | Bought a potion of heal wounds for 65 gold pieces
 25951 | Orc:2    | Bought a potion of mutation for 104 gold pieces
 25951 | Orc:2    | Bought a potion of experience for 650 gold pieces
 25951 | Orc:2    | Bought a potion of heal wounds for 65 gold pieces
 25951 | Orc:2    | Reached skill level 10 in Spellcasting
 25951 | Orc:2    | Reached XP level 16. HP: 129/129 MP: 24/27
 25952 | Orc:2    | Lost mutation: Your magical capacity is low. (-10% MP)
                  | [potion of mutation]
 25952 | Orc:2    | Lost mutation: You have a pair of small horns on your head.
                  | [potion of mutation]
 25952 | Orc:2    | Lost mutation: You are agile. (Dex +4, Str/Int -1) [potion
                  | of mutation]
 25952 | Orc:2    | Gained mutation: Your magical capacity is low. (-10% MP)
                  | [potion of mutation]
 25952 | Orc:2    | Gained mutation: You are agile. (Dex +4, Str/Int -1)
                  | [potion of mutation]
 26189 | Orc:2    | Reached XP level 17. HP: 129/135 MP: 22/27
 26204 | Orc:2    | Found Feivec's Book Shop.
 26204 | Orc:2    | Found Onatujai's Antique Weapon Boutique.
 26209 | Orc:2    | Found a one-way gate leading to the halls of Pandemonium.
 26819 | D:12     | Lost mutation: Your magical capacity is low. (-10% MP)
                  | [potion of mutation]
 26819 | D:12     | Lost mutation: You are agile. (Dex +4, Str/Int -1) [potion
                  | of mutation]
 26819 | D:12     | Gained mutation: You have sharp toenails. [potion of
                  | mutation]
 26819 | D:12     | Gained mutation: You have a pair of small horns on your
                  | head. [potion of mutation]
 26819 | D:12     | Gained mutation: Your body sometimes deteriorates upon
                  | taking damage. [potion of mutation]
 27031 | D:12     | Found a hazy altar of Hepliaklqana.
 27321 | D:12     | Found Jel Qeru's Weapon Shoppe.
 27575 | D:13     | Found Fyes's Armour Shop.
 28107 | D:13     | Noticed Maurice
 28115 | D:13     | Killed Maurice
 28123 | D:13     | Reached skill level 5 in Evocations
 28562 | D:13     | Found a gate to the Vaults.
 28963 | D:14     | Lost mutation: Your body sometimes deteriorates upon taking
                  | damage. [potion of mutation]
 28963 | D:14     | Lost mutation: You have a pair of small horns on your head.
                  | [potion of mutation]
 28963 | D:14     | Gained mutation: Your mind is acute. (Int +4, Str/Dex -1)
                  | [potion of mutation]
 29136 | D:14     | Found Ulonerr's Magic Scroll Boutique.
 29315 | D:14     | Bought a scroll of enchant armour for 112 gold pieces
 29315 | D:14     | Bought a scroll of enchant weapon for 112 gold pieces
 29315 | D:14     | Bought a scroll of blinking for 112 gold pieces
 29364 | D:14     | Reached skill level 14 in Necromancy
 29489 | D:14     | Found a glowing silver altar of Zin.
 29489 | D:14     | Found a glowing golden altar of the Shining One.
 29489 | D:14     | Found a white marble altar of Elyvilon.
 29757 | D:14     | Found a runed translucent door.
 29757 | D:14     | Noticed Nezimene's ghost (journeyman FoFi)
 30214 | D:14     | Killed Nezimene's ghost
 30323 | D:15     | Entered Level 15 of the Dungeon
 30882 | D:15     | Shot with an arrow by a centaur warrior

Illustrated notes

Levels and vault maps discovered:
D:1:      dpeg_arrival_three_bigger_balls, layout_basic
D:2:      cheibrodos_old_hovel, layout_loops_ring, serial_shops,
          nicolae_lakefront_shop, basic_altar, nrook_mini_vaults
D:3:      layout_rooms, mainiacjoe_overflow_alcove_1, serial_shops, shop_statue,
          minmay_misc_feat_plants, corexii_corridor_pit
D:4:      cheibrodos_fertilizer, layout_basic, minmay_temple_entry_junction,
          kennysheep_decorative_pillar, nicolae_kite_square_tiling_tiny,
          nicolae_wooded_promenade
D:5:      layout_cave_pods, elyvilon_altar_5, gammafunk_ghost_stat_death,
          chequers_garden, kennysheep_big_empty_room, minivault_19, minmay_bent
D:6:      layout_basic, kennysheep_mini_moat, uniq_eustachio
D:7:      layout_loops_ring, dk_yredelemnul_ordeal, nzn_wu_jian_contemplation,
          fedhas_altar_2, uniq_duvessa
D:8:      layout_loops_ring, nicolae_gozag_cash_rules_everything_around_me,
          nicolae_ashenzari_panopticon
D:9:      layout_basic, nemelex_xobeh_ov_fountains_minmay, lemuel_round_altar,
          nicolae_qazlal_style_of_elements, hellmonk_lair_entry_icy, orc_0_dummy
D:10:     layout_roguey, nicolae_overflow_hidden_temple, xom_confusion_cloud,
          hangedman_decor_peaks_small, uniq_erica
D:11:     layout_irregular_city, uniq_harold
D:12:     layout_gridville, serial_shops, nicolae_shop_stone,
          nzn_hepliaklqana_mist_gate
D:13:     layout_basic, ximxim_vaults_locker_room, serial_shops,
          nicolae_shop_temple_entry_statues_fountains, roderic_serpentine_path,
          uniq_maurice
D:14:     layout_stronghold, serial_shops, nicolae_shop_crystal,
          ebering_ghost_inner_flame, good_gods_mini_temple
D:15:     hangedman_depths_entry_try_elsewhere_first, layout_long_grid,
          hangedman_decor_push
Temple:   jpeg_temple_island
Lair:1:   layout_hall_layers, portal_ice_cave_entry_ice_simulacra,
          columned_hall_lemuel, grunt_megastairs_2
Lair:2:   nzn_winding_woodlands_cross [nzn_winding_woodlands_5x15_pockets,
          nzn_winding_woodlands_5x15_sawtooth,
          nzn_winding_woodlands_5x15_concentric,
          nzn_winding_woodlands_5x15_pathside_ponds,
          nzn_winding_woodlands_15x15_boxy_spiral], layout_gridlike,
          spider_nest_entry_funnel_web, beast_lair_carwin_4
Lair:3:   layout_loops_ring, minmay_shoals_entry_centaurs,
          infiniplex_staircase_pool, uniq_kirke
Lair:4:   beast_lair_carwin_large_4, layout_regular_city, enter_volcano_4
Lair:5:   evilmike_catoblepas_cave, layout_loops_ring, dpeg_slime_entry_corner,
          st_stairs_4, grunt_megastairs_4, uniq_rupert
Orc:1:    layout_diamond_mine, uniq_josephine, uniq_fannar
Orc:2:    pf_orc_diabolical, layout_diamond_mine

Skill      XL: |  1  2  3  4  5  6  7  8  9 10 11 12 13 14 15 16 17 |
---------------+----------------------------------------------------+-----
Fighting       | 1 2 3 4 5 7 8 9 10 11 12 13 | 13.7
Maces & Flails | 1 2 3 4 5 7 8 9 10 11 12 | 12.0
Necromancy     | 5 6 7 8 9 10 11 12 13 14 | 14.3
Shields        | 2 4 5 6 8 9 10 | 10.0
Earth Magic    | 2 4 6 7 9 10 11 | 11.6
Spellcasting   | 3 4 6 7 10 | 10.0
Evocations     | 3 4 5 |  5.0
Dodging        | |  2.0
Stealth        | |  2.0

Action                   |  1- 3 |  4- 6 |  7- 9 | 10-12 | 13-15 | 16-18 || total
-------------------------+-------+-------+-------+-------+-------+-------++-------
Melee: Demon whip        |    40 |   106 |   336 |   322 |  1182 |   343 ||  2329
       Whip              |       |     5 |    46 |   199 |       |       ||   250
       Punch             |       |       |     3 |       |       |       ||     3
       Staff             |       |       |     4 |     3 |       |       ||     7
       Headbutt          |       |       |       |       |   117 |    49 ||   166
 Cast: Necrotise         |    15 |    33 |     1 |       |       |       ||    49
       Vampiric Draining |       |     1 |     9 |    39 |    90 |    48 ||   187
       Dispel Undead     |       |     1 |     4 |    31 |     5 |    13 ||    54
       Borgnjor's Vile C |       |       |       |    22 |    29 |    19 ||    70
       Death Channel     |       |       |       |     1 |     6 |       ||     7
       Animate Dead      |       |       |       |       |     7 |       ||     7
       Lee's Rapid Decon |       |       |       |       |       |     2 ||     2
Invok: Unearth Wretches  |       |       |       |     2 |       |       ||     2
       Receive Forbidden |       |       |       |       |     1 |       ||     1
Evoke: Wand              |       |       |       |     1 |     4 |     2 ||     7
       Tin of tremorston |       |       |       |       |     2 |     2 ||     4
       Condenser vane    |       |       |       |       |     3 |       ||     3
       Lightning rod     |       |       |       |       |       |     2 ||     2
  Use: Scroll            |       |     8 |     9 |    12 |     4 |     4 ||    37
       Potion            |       |       |       |     4 |    12 |     4 ||    20
 Stab: Sleeping          |     2 |     1 |     3 |     3 |     3 |       ||    12
       Distracted        |       |       |     1 |       |     2 |       ||     3
       Invisible         |       |       |       |     1 |       |       ||     1
Armor: Robe              |     6 |    35 |    93 |    57 |   262 |    76 ||   529
       Steam dragon scal |       |       |    26 |    56 |       |       ||    82
Dodge: Dodged            |    32 |    93 |   334 |   343 |   667 |   180 ||  1649
Block: Buckler           |       |       |    12 |    81 |       |       ||    93
       Kite shield       |       |       |       |    65 |   636 |   211 ||   912

Table legend: (Time is in decaauts)
 A = Elapsed time spent in this place.
 B = Non-inter-level travel time spent in this place.
 C = Inter-level travel time spent in this place.
 D = Time resting spent in this place.
 E = Time spent auto-exploring this place.
 F = Levels seen in this place.
 G = Mean time per level.
                   A        B        C        D        E       F      G
               +--------+--------+--------+--------+--------+-----+--------+
         Total |  30190 |  28341 |   1849 |   3105 |  18320 |  25 | 1207.6 |
       Dungeon |  17258 |  15934 |   1324 |   1505 |  11194 |  15 | 1150.5 |
        Temple |    221 |    192 |     29 |      0 |    178 |   1 |  221.0 |
          Lair |   8426 |   8091 |    335 |    398 |   5673 |   5 | 1685.2 |
  Orcish Mines |   2421 |   2261 |    160 |    310 |   1184 |   2 | 1210.5 |
      Ice Cave |   1464 |   1464 |      0 |    845 |     41 |   1 | 1464.0 |
       Volcano |    397 |    397 |      0 |     47 |     50 |   1 |  397.0 |
               +--------+--------+--------+--------+--------+-----+--------+

Top non-repeatable levels by time:
  Lair:2: 2397 daAuts
  Lair:4: 2305 daAuts
  Lair:5: 1866 daAuts
   Orc:2: 1848 daAuts
     D:8: 1826 daAuts
    D:14: 1741 daAuts
     D:7: 1707 daAuts
     D:9: 1554 daAuts
   IceCv: 1464 daAuts
     D:4: 1435 daAuts
    D:10: 1423 daAuts
  Lair:3: 1186 daAuts
    D:13: 1173 daAuts
     D:5: 1137 daAuts
     D:2: 973 daAuts
